Map: Lerilak Crest

Players

LilDicky

  • Race: Terran Terran
  • League: Diamond

Dino - Winner!

  • Race: Terran Terran
  • League: Platinum

VOD

http://www.twitch.tv/tumescentpie

Description

Time

  • Played on: Jan. 3, 2016, 2:35 a.m.
  • Length: 8:18
Show
View Real Time Build Order
Export as new Build Order

LilDicky Terran 

Build Orders: Reaper Expand 

Get SALT Encoding   

  12  0:08  SCV  
  13  0:20  SCV  
  14  0:26  Supply Depot  
  14  0:34  SCV  
  15  0:48  SCV  
  16  0:54  Refinery  
  16  0:55  Barracks  
  16  1:02  SCV  
  17  1:16  SCV  
  19  1:33  Command Center  
  18  1:45  Supply Depot  
  19  1:48  Reaper  
  19  1:49  Orbital Command  
  19  1:57  Refinery  
  19  2:16  SCV  
  19  2:20  Marine  
  21  2:28  SCV  
  22  2:52  SCV  
  22  2:54  Supply Depot  
  23  3:04  SCV  
  24  3:11  Command Center  
  24  3:17  Factory  
  24  3:18  SCV  
  25  3:23  Orbital Command  
  25  3:41  SCV  
  26  3:42  Marine  
  27  3:49  Command Center  
  27  3:51  SCV  
  27  3:54  SCV  
  29  4:09  SCV  
  29  4:10  SCV  
  29  4:15  Marine  
  31  4:17  Factory Tech Lab  
  31  4:22  SCV x2, Factory  
  32  4:27  Orbital Command  
  32  4:30  Refinery  
  32  4:32  Refinery  
  32  4:33  Marine  
  33  4:43  SCV  
  33  4:44  Siege Tank  
  37  4:51  Starport  
  37  4:52  SCV  
  38  4:54  Engineering Bay  
  38  5:04  SCV x3  
  38  5:05  Orbital Command  
  41  5:08  Factory Tech Lab  
  41  5:16  SCV  
  41  5:18  Supply Depot  
  41  5:20  Siege Tank  
  45  5:28  Missile Turret  
  44  5:34  Siege Tank  
  44  5:39  Viking  
  39  5:58  Siege Tank  
  41  6:10  Marine  
  42  6:12  Siege Tank  
  42  6:13  SCV  
  43  6:28  Marine  
  43  6:30  Siege Tank  
  43  6:32  SCV x2  
  49  6:37  Missile Turret  
  49  6:39  SCV  
  50  6:40  SCV  
  50  6:44  SCV x2  
  53  6:49  Starport Reactor  
  53  6:52  SCV  
  53  6:53  SCV  
  55  6:56  SCV x2  
  57  7:04  SCV  
  57  7:05  SCV  
  59  7:08  SCV x2  
  59  7:09  Siege Tank x2  
  59  7:10  Missile Turret  
  67  7:16  SCV  
  68  7:26  Refinery x2  
  68  7:28  SCV  
  66  7:38  Sensor Tower  
  66  7:44  Command Center  
  66  7:55  Missile Turret x2  
Show
View Real Time Build Order
Export as new Build Order

Dino Terran - Winner!

Build Orders: MMM Bio 

Get SALT Encoding   

  12  0:01  SCV  
  13  0:13  SCV  
  14  0:17  Supply Depot  
  14  0:25  SCV  
  15  0:30  Refinery  
  15  0:39  SCV  
  16  0:46  Barracks  
  16  0:51  SCV  
  17  1:03  SCV  
  18  1:15  SCV  
  19  1:27  SCV  
  20  1:35  Reaper  
  20  1:37  Supply Depot  
  22  1:40  Orbital Command  
  21  2:02  Command Center  
  21  2:13  SCV  
  21  2:15  Barracks Reactor  
  22  2:18  Factory  
  21  2:45  SCV  
  22  2:53  Marine x2  
  22  2:57  SCV  
  24  3:01  Factory Tech Lab  
  24  3:03  Starport  
  24  3:05  Refinery  
  24  3:09  SCV  
  24  3:10  Supply Depot  
  25  3:14  Marine x2  
  27  3:21  SCV, Orbital Command  
  28  3:32  Marine x2  
  30  3:39  SCV  
  30  3:40  Starport Reactor  
  31  3:46  Orbital Command  
  31  3:49  Barracks  
  31  3:50  Marine x2  
  31  3:52  Barracks  
  33  4:05  Siege Tank  
  33  4:09  Marine x2  
  38  4:12  SCV x2  
  40  4:17  Medivac  
  40  4:24  SCV x2  
  44  4:31  Marine x2  
  44  4:36  SCV x2  
  44  4:37  Barracks Tech Lab  
  48  4:38  Barracks Tech Lab  
  48  4:48  SCV x2  
  48  4:52  Medivac  
  52  4:54  Marine x2  
  52  4:58  Refinery  
  54  5:01  Refinery  
  54  5:02  Stimpack  
  54  5:06  Supply Depot  
  54  5:08  Supply Depot  
  54  5:18  Supply Depot  
  54  5:27  SCV x2, Siege Tank, Marine x2  
  61  5:40  SCV, Marine x2  
  64  5:45  Marine  
  63  5:58  Marine x3  
  63  5:59  Combat Shields  
  63  6:02  Medivac x2  
  63  6:03  Marine  
  70  6:15  Command Center  
  70  6:16  Marine x2  
  72  6:23  Marine x2  
  67  6:31  Siege Tank  
  70  6:34  Marine  
  70  6:38  Viking x2  
  70  6:39  Marine  
  76  6:48  SCV x2  
  78  7:02  SCV, Marine  
  78  7:03  Supply Depot x2  
  78  7:05  Engineering Bay  
  78  7:08  Viking x2, Engineering Bay  
  84  7:20  Concussive Shells, Marine x2  
  86  7:24  Marine x2  
  88  7:38  Viking x2, Marine  
Tags
 
Add a new tag
Caveats
  • Supply blocks, unpowered buildings, or Contaminate may cause inaccurate times.
  • Supply counts are checked every 10 seconds.